Match 36491220
Unlisted

Match 36491220
End
Construct Weapon Support Center
Selects Airborne Battlegroup
Selects Pathfinders
Pathfinder Squad
M1919 Machine Gun Team
Bazooka Squad
Infantry Support Center
M3 Armored Personnel Carrier
Selects Paratrooper Squad Paradrop
Paratrooper Squad Paradrop
Paratrooper Squad Paradrop
Construct Tank Depot
Selects Anti-tank Gun Team Paradrop
Engineer Squad
Paratrooper Squad Paradrop
M18 Hellcat Tank Destroyer
M4A1 Sherman Medium Tank
M4A1 Sherman Medium Tank
Engineer Squad
Selects Recon Loiter
Selects Supply Drop
Selects Carpet Bombing Run
M18 Hellcat Tank Destroyer
AoL
OMJimas
Esxile
豪师傅
0
0

Comments sign in to comment!

No comments posted yet!